BR
ROY EAGLE SQUADRON @ GRAND RAPIDS DUTCH OVENS
07/30/2027
 
TOP OF THE 1ST
Roy Eagle Squadron batting - Pitching for Grand Rapids Dutch Ovens : RHP Keith Heffner
Pitching: RHP Keith Heffner
Batting: LHB Quinn Webb 0-0: Swinging Strike
0-1: Hit by Pitch
Batting: RHB Jesús Ortíz 0-0: Ball
1-0: Ball
Wild Pitch!
Quinn Webb to second
2-0: Called Strike
2-1: Foul Ball, location: 2F
2-2: Strikes out looking
Batting: RHB Juan Bruno 0-0: Called Strike
0-1: Fly out, F8 (Flyball, 8LM)
Batting: RHB Richie Sawyer 0-0: Ball
1-0: Called Strike
1-1: Ball
2-1: Swinging Strike
2-2: Foul Ball, location: 2F
2-2: Reached on error, E5 (Groundball, 56S)
Quinn Webb scores
Batting: RHB Dan Duckworth 0-0: Ball
1-0: Ball
2-0: Foul Ball, location: 2F
2-1: Ball
3-1: Base on Balls
Batting: RHB Larry Storms 0-0: Ball
1-0: Fielders Choice at 2nd, 6-4 (Groundball, 6)
Top of the 1st over - 1 run(s), 0 hit(s), 1 error(s), 1 left on base; Roy 1 - Grand Rapids 0
BOTTOM OF THE 1ST
Grand Rapids Dutch Ovens batting - Pitching for Roy Eagle Squadron : RHP Les Johnston
Pitching: RHP Les Johnston
Batting: LHB Lee Jenkins 0-0: Ball
1-0: Ball
2-0: Fly out, F2 (Popup, 3S)
Batting: SHB Víctor Torres 0-0: Ball
1-0: Ball
2-0: SINGLE (Groundball, 6D)
Batting: RHB Tim Lee 0-0: Foul Ball, location: 2F
0-1: Ball
1-1: Called Strike
1-2: Foul Ball, location: 2F
1-2: Strikes out swinging
Batting: LHB Nick Weber 0-0: Called Strike
0-1: Ball
1-1: Ball
2-1: Swinging Strike
2-2: Foul Ball, location: 2F
2-2: Strikes out looking
Bottom of the 1st over - 0 run(s), 1 hit(s), 0 error(s), 1 left on base; Roy 1 - Grand Rapids 0
TOP OF THE 2ND
Roy Eagle Squadron batting - Pitching for Grand Rapids Dutch Ovens : RHP Keith Heffner
Batting: SHB Shannon Cline 0-0: Ball
1-0: Foul Ball, location: 2F
1-1: Ball
2-1: Ground out 4-3 (Groundball, 4)
Batting: RHB Mike Russell 0-0: Ball
1-0: Ball
2-0: Ball
3-0: Called Strike
3-1: Foul Ball, location: 2F
3-2: Strikes out swinging
Batting: RHB Chad Battle 0-0: Ball
1-0: Called Strike
1-1: SINGLE (Line Drive, 34D)
Batting: LHB Quinn Webb 0-0: Called Strike
0-1: Ball
1-1: Foul Ball, location: 2F
1-2: Foul Ball, location: 2F
1-2: Ground out 4-3 (Groundball, 4S)
Top of the 2nd over - 0 run(s), 1 hit(s), 0 error(s), 1 left on base; Roy 1 - Grand Rapids 0
BOTTOM OF THE 2ND
Grand Rapids Dutch Ovens batting - Pitching for Roy Eagle Squadron : RHP Les Johnston
Batting: RHB William Todd 0-0: Called Strike
0-1: Ground out 5-3 (Groundball, 5L)
Batting: LHB Félix Costa 0-0: Called Strike
0-1: Swinging Strike
0-2: Foul Ball, location: 2F
0-2: Strikes out swinging
Batting: RHB Kelsey Scott 0-0: Foul Ball, location: 2F
0-1: Swinging Strike
0-2: Ball
1-2: Foul Ball, location: 2F
1-2: DOUBLE (Flyball, 9LD)
Batting: RHB Alec Goodman 0-0: Called Strike
0-1: Ball
1-1: Foul Ball, location: 2F
1-2: Ball
2-2: Strikes out swinging
Bottom of the 2nd over - 0 run(s), 1 hit(s), 0 error(s), 1 left on base; Roy 1 - Grand Rapids 0
TOP OF THE 3RD
Roy Eagle Squadron batting - Pitching for Grand Rapids Dutch Ovens : RHP Keith Heffner
Batting: RHB Jesús Ortíz 0-0: Swinging Strike
0-1: Ground out 5-3 (Groundball, 56)
Batting: RHB Juan Bruno 0-0: Called Strike
0-1: Fly out, F9 (Flyball, 89M)
Batting: RHB Richie Sawyer 0-0: Foul Ball, location: 2F
0-1: Swinging Strike
0-2: Ball
1-2: Fly out, F8 (Flyball, 8LS)
Top of the 3rd over - 0 run(s), 0 hit(s), 0 error(s), 0 left on base; Roy 1 - Grand Rapids 0
BOTTOM OF THE 3RD
Grand Rapids Dutch Ovens batting - Pitching for Roy Eagle Squadron : RHP Les Johnston
Batting: RHB Takuro Okawa 0-0: Called Strike
0-1: Fly out, F7 (Flyball, 7LM)
Batting: LHB Lee Jenkins 0-0: Ball
1-0: Fly out, F8 (Flyball, 8RD)
Batting: SHB Víctor Torres 0-0: Ball
1-0: Ball
2-0: Called Strike
2-1: Ball
3-1: Called Strike
3-2: Fly out, F2 (Popup, 23)
Bottom of the 3rd over - 0 run(s), 0 hit(s), 0 error(s), 0 left on base; Roy 1 - Grand Rapids 0
TOP OF THE 4TH
Roy Eagle Squadron batting - Pitching for Grand Rapids Dutch Ovens : RHP Keith Heffner
Batting: RHB Dan Duckworth 0-0: Swinging Strike
0-1: Called Strike
0-2: Fly out, F8 (Flyball, 8LM)
Batting: RHB Larry Storms 0-0: Ball
1-0: Called Strike
1-1: Fly out, F8 (Flyball, 89M)
Batting: SHB Shannon Cline 0-0: Ball
1-0: Called Strike
1-1: Called Strike
1-2: Ball
2-2: Ball
3-2: Foul Ball, location: 2F
3-2: Base on Balls
Pitching: RHP Mark Messier
Batting: RHB Mike Russell 0-0: Called Strike
Shannon Cline steals 2nd base
0-1: Fly out, F4 (Popup, 34)
Top of the 4th over - 0 run(s), 0 hit(s), 0 error(s), 1 left on base; Roy 1 - Grand Rapids 0
BOTTOM OF THE 4TH
Grand Rapids Dutch Ovens batting - Pitching for Roy Eagle Squadron : RHP Les Johnston
Batting: RHB Tim Lee 0-0: DOUBLE (Line Drive, 7LM)
Batting: LHB Nick Weber 0-0: Fly out, F9 (Flyball, 89M)
Batting: RHB William Todd 0-0: Ball
Tim Lee steals 3rd base
1-0: Ground out 5-3 (Groundball, 56)
Tim Lee scores
Batting: LHB Félix Costa 0-0: Called Strike
0-1: DOUBLE (Line Drive, 7)
Batting: RHB Kelsey Scott 0-0: Foul Ball, location: 2F
0-1: Ground out 4-3 (Groundball, 4)
Bottom of the 4th over - 1 run(s), 2 hit(s), 0 error(s), 1 left on base; Roy 1 - Grand Rapids 1
TOP OF THE 5TH
Roy Eagle Squadron batting - Pitching for Grand Rapids Dutch Ovens : RHP Mark Messier
Batting: RHB Chad Battle 0-0: Ball
1-0: Called Strike
1-1: Ball
2-1: Called Strike
2-2: Strikes out looking
Batting: LHB Quinn Webb 0-0: Ball
1-0: Ball
2-0: Called Strike
2-1: Ground out U3 (Groundball, 34)
Batting: RHB Jesús Ortíz 0-0: Foul Ball, location: 2F
0-1: Swinging Strike
0-2: Foul Ball, location: 2F
0-2: Strikes out looking
Top of the 5th over - 0 run(s), 0 hit(s), 0 error(s), 0 left on base; Roy 1 - Grand Rapids 1
BOTTOM OF THE 5TH
Grand Rapids Dutch Ovens batting - Pitching for Roy Eagle Squadron : RHP Les Johnston
Batting: RHB Alec Goodman 0-0: Bunted foul
0-1: Foul Ball, location: 2F
0-2: Ball
1-2: Foul Ball, location: 2F
1-2: Strikes out looking
Batting: RHB Takuro Okawa 0-0: Called Strike
0-1: Called Strike
0-2: Strikes out swinging
Batting: LHB Lee Jenkins 0-0: Called Strike
0-1: Ground out 4-3 (Groundball, 34)
Bottom of the 5th over - 0 run(s), 0 hit(s), 0 error(s), 0 left on base; Roy 1 - Grand Rapids 1
TOP OF THE 6TH
Roy Eagle Squadron batting - Pitching for Grand Rapids Dutch Ovens : RHP Mark Messier
Batting: RHB Juan Bruno 0-0: Foul Ball, location: 2F
0-1: Called Strike
0-2: Strikes out swinging
Batting: RHB Richie Sawyer 0-0: Swinging Strike
0-1: Swinging Strike
0-2: Fly out, F7 (Flyball, 56D)
Batting: RHB Dan Duckworth 0-0: Called Strike
0-1: Ball
1-1: SINGLE (Line Drive, 5D)
Batting: RHB Larry Storms 0-0: Foul Ball, location: 2F
0-1: Ball
1-1: Ball
2-1: Called Strike
2-2: Strikes out swinging
Top of the 6th over - 0 run(s), 1 hit(s), 0 error(s), 1 left on base; Roy 1 - Grand Rapids 1
BOTTOM OF THE 6TH
Grand Rapids Dutch Ovens batting - Pitching for Roy Eagle Squadron : RHP Les Johnston
Batting: SHB Víctor Torres 0-0: Called Strike
0-1: Foul Ball, location: 2F
0-2: Foul Ball, location: 2F
0-2: Ball
1-2: Hit by Pitch
Batting: RHB Tim Lee 0-0: Called Strike
0-1: Fly out, F3 (Popup, 3L)
Batting: LHB Nick Weber 0-0: Ball
1-0: Called Strike
1-1: Ball
2-1: Fly out, F8 (Flyball, 8RM)
Batting: RHB William Todd 0-0: Called Strike
0-1: Foul Ball, location: 2F
0-2: Ball
1-2: Ground out 5-3 (Groundball, 56S)
Bottom of the 6th over - 0 run(s), 0 hit(s), 0 error(s), 1 left on base; Roy 1 - Grand Rapids 1
TOP OF THE 7TH
Roy Eagle Squadron batting - Pitching for Grand Rapids Dutch Ovens : RHP Mark Messier
Pinch Hitting: RHB Rich Crabtree 0-0: Ball
1-0: Ball
2-0: SINGLE (Popup, 6D)
Batting: RHB Mike Russell 0-0: Fly out, F8 (Flyball, 8RM)
Batting: RHB Chad Battle 0-0: Ball
1-0: Grounds into double play, 4-6-3 (Groundball, 4)
Top of the 7th over - 0 run(s), 1 hit(s), 0 error(s), 0 left on base; Roy 1 - Grand Rapids 1
BOTTOM OF THE 7TH
Grand Rapids Dutch Ovens batting - Pitching for Roy Eagle Squadron : RHP Les Johnston
Now in LF: Oliver Sánchez
Batting: LHB Félix Costa 0-0: Ball
1-0: Swinging Strike
1-1: SINGLE (Flyball, 9LS)
Batting: RHB Kelsey Scott 0-0: Called Strike
0-1: Ball
1-1: Ball
Wild Pitch!
Félix Costa to second
2-1: Intentional Walk
Pitching: LHP Bob Pitchforth
Batting: RHB Alec Goodman 0-0: Bunted foul
0-1: Sac Bunt - play at first, batter OUT! 1-4
Félix Costa to third
Kelsey Scott to second
Batting: RHB Takuro Okawa 0-0: Intentional Walk
Pinch Hitting: RHB Manuel Flores 0-0: Called Strike
0-1: Foul Ball, location: 2F
0-2: Foul Ball, location: 2F
0-2: SINGLE (Line Drive, 7S)
Félix Costa scores
Kelsey Scott to third
Takuro Okawa to second
Batting: SHB Víctor Torres 0-0: Ball
1-0: Called Strike
1-1: Fly out, F9 (Flyball, 89D)
Runner from 3rd tags up, SCORES, no throw
Pinch Hitting: RHB António Aguilera 0-0: Ground out 6-3 (Groundball, 6S)
Bottom of the 7th over - 2 run(s), 2 hit(s), 0 error(s), 2 left on base; Roy 1 - Grand Rapids 3
TOP OF THE 8TH
Roy Eagle Squadron batting - Pitching for Grand Rapids Dutch Ovens : RHP Mark Messier
Pitching: LHP Jorge Luna
Now at 1B: Manuel Flores
Now at 2B: Scott Graves
Batting: LHB Quinn Webb 0-0: Fly out, F8 (Flyball, 8RM)
Batting: RHB Jesús Ortíz 0-0: Called Strike
0-1: Ball
1-1: Foul Ball, location: 2F
1-2: Fly out, F9 (Flyball, 89D)
Batting: RHB Juan Bruno 0-0: Ball
1-0: Called Strike
1-1: DOUBLE (Line Drive, 7LM)
Pitching: RHP José Rocha
Batting: RHB Richie Sawyer 0-0: Ball
1-0: Called Strike
1-1: Ball
2-1: Foul Ball, location: 2F
2-2: DOUBLE (Flyball, 7LM)
Juan Bruno scores
Batting: RHB Dan Duckworth 0-0: Called Strike
0-1: Ball
1-1: Ball
2-1: Swinging Strike
2-2: Foul Ball, location: 2F
2-2: Strikes out swinging
Top of the 8th over - 1 run(s), 2 hit(s), 0 error(s), 1 left on base; Roy 2 - Grand Rapids 3
BOTTOM OF THE 8TH
Grand Rapids Dutch Ovens batting - Pitching for Roy Eagle Squadron : LHP Bob Pitchforth
Batting: LHB Nick Weber 0-0: Ball
1-0: Ball
2-0: Called Strike
2-1: Ball
3-1: Base on Balls
Pinch Hitting: RHB Albert Cortéz 0-0: Called Strike
0-1: Foul Ball, location: 2F
0-2: Ball
1-2: Ball
2-2: Grounds into double play, 5-4-3 (Groundball, 5)
Batting: LHB Félix Costa 0-0: Foul Ball, location: 2F
0-1: Foul Ball, location: 2F
0-2: Strikes out looking
Bottom of the 8th over - 0 run(s), 0 hit(s), 0 error(s), 0 left on base; Roy 2 - Grand Rapids 3
TOP OF THE 9TH
Roy Eagle Squadron batting - Pitching for Grand Rapids Dutch Ovens : RHP José Rocha
Pitching: LHP Sancho Espinoza
Now at 3B: Theodore Burns
Batting: RHB Larry Storms 0-0: Foul Ball, location: 2F
0-1: Ball
1-1: Called Strike
1-2: Foul Ball, location: 2F
1-2: Fly out, F8 (Flyball, 8LM)
Batting: RHB Oliver Sánchez 0-0: DOUBLE (Line Drive, 78M)
Batting: RHB Mike Russell 0-0: Swinging Strike
0-1: Called Strike
0-2: DOUBLE (Flyball, 89M)
Oliver Sánchez scores
Batting: RHB Chad Battle 0-0: Intentional Walk
Batting: LHB Quinn Webb 0-0: Ball
1-0: Called Strike
Pickoff Throw to Second - Error! E1
Mike Russell to third
Chad Battle to second
1-1: Called Strike
1-2: Ball
2-2: Hit by Pitch
Pinch Hitting: SHB Dan Ross 0-0: Fly out, F6 (Popup, 6S)
Pinch Hitting: SHB Garrett Waller 0-0: SINGLE (Groundball, 6MD)
Mike Russell scores
Chad Battle to third
Quinn Webb to second
Runner from 3rd tries for Home, SAFE, no throw
Pitching: RHP Gustavo Cháves
Batting: RHB Richie Sawyer 0-0: Ball
1-0: Foul Ball, location: 2F
1-1: Fly out, F9 (Flyball, 9LSF)
Top of the 9th over - 3 run(s), 3 hit(s), 1 error(s), 2 left on base; Roy 5 - Grand Rapids 3
BOTTOM OF THE 9TH
Grand Rapids Dutch Ovens batting - Pitching for Roy Eagle Squadron : LHP Bob Pitchforth
Pitching: RHP Alan Mayes
Now in LF: Dan Ross
Batting: RHB Kelsey Scott 0-0: Ball
Now in LF: Garrett Waller 1-0: Ball
2-0: Ball
3-0: Called Strike
3-1: Foul Ball, location: 2F
3-2: Base on Balls
Batting: RHB Alec Goodman 0-0: Foul Ball, location: 2F
0-1: Swinging Strike
0-2: Ball
1-2: Foul Ball, location: 2F
1-2: Ball
2-2: Ball
3-2: Base on Balls
Kelsey Scott to second
Pinch Hitting: LHB Luis Salazar 0-0: Fielders Choice at 2nd, 3-6 (Groundball, 34)
Kelsey Scott to third
Batting: RHB Manuel Flores 0-0: Ball
1-0: Foul Ball, location: 2F
1-1: Ball
2-1: SINGLE (Line Drive, 4MD)
Kelsey Scott scores
Luis Salazar to second
Batting: SHB Víctor Torres 0-0: Swinging Strike
0-1: Fly out, F3 (Line Drive, 34)
Batting: RHB Scott Graves 0-0: Swinging Strike
0-1: Ball
1-1: Ball
2-1: Fly out, F9 (Flyball, 9S)
Bottom of the 9th over - 1 run(s), 1 hit(s), 0 error(s), 2 left on base; Roy 5 - Grand Rapids 4
Thursday, March 30th, 2017 - OOTP Baseball 17.12 Build 75